 Dungeon Crawl Stone Soup version 0.28-a0-1520-gc3277d3759 (webtiles) character file.

Game seed: 8112908667318748576

4 sanka the Ruffian (level 1, -1/23 HPs)
             Began as a Gnoll Cinder Acolyte on Jan 17, 2022.
             Was a High Priest of Ignis.
             Slain by a gnoll (5 damage)
             ... on level 1 of the Dungeon.
             The game lasted 00:00:20 (382 turns).

sanka the Ruffian (Gnoll Cinder Acolyte)             Turns: 382, Time: 00:00:20

Health: -1/23      AC:  2    Str: 13    XL:     1   Next: 70%
Magic:  4/4        EV: 11    Int: 13    God:    Ignis [*****.]
Gold:   44         SH:  0    Dex:  7    Spells: 5/5 levels left

rFire   + . .      SeeInvis .     - Unarmed
rCold   . . .      Faith    .   (no shield)
rNeg    . . .      Spirit   .   a - +0 robe
rPois   .          Reflect  .   (no helmet)
rElec   .          Harm     .   (no cloak)
rCorr   .          Rampage  .   (no gloves)
Will    .....                   (no boots)
Stlth   +.........              (no amulet)
HPRegen 0.07/turn               (no ring)
MPRegen 0.09/turn               (no ring)

@: no status effects
A: fangs 1, strong nose, distributed training
a: Renounce Religion, Fiery Armour, Foxfire Swarm, Rising Flame


You were on level 1 of the Dungeon.
You worshipped Ignis.
Ignis was extremely pleased with you.
You visited 1 branch of the dungeon, and saw 1 of its levels.

You collected 44 gold pieces.


Innate Abilities, Weirdness & Mutations

You have very sharp teeth.
Your uncanny sense of smell can sniff out nearby items.
Your experience applies equally to all skills.


   Skills:
 + Level 6.4 Fighting
 + Level 0.1 Short Blades
 + Level 0.1 Long Blades
 + Level 0.1 Axes
 + Level 0.1 Maces & Flails
 + Level 0.1 Polearms
 + Level 0.1 Staves
 + Level 0.1 Slings
 + Level 0.1 Bows
 + Level 0.1 Crossbows
 + Level 0.1 Throwing
 + Level 0.1 Armour
 + Level 0.1 Dodging
 + Level 0.1 Stealth
 + Level 0.1 Shields
 + Level 6.4 Unarmed Combat
 + Level 2.6 Spellcasting
 + Level 0.1 Conjurations
 + Level 0.1 Hexes
 + Level 0.1 Summonings
 + Level 0.1 Necromancy
 + Level 0.1 Translocations
 + Level 0.1 Transmutations
 + Level 5.3 Fire Magic
 + Level 0.1 Ice Magic
 + Level 0.1 Air Magic
 + Level 0.1 Earth Magic
 + Level 0.1 Poison Magic
 + Level 0.2 Invocations
 + Level 0.1 Evocations


You had 5 spell levels left.
You didn't know any spells.
Your spell library contained the following spells:

 Spells                   Type           Power      Damage    Failure   Level
 Scorch                   Fire           30%        2d6       4%          2
 Tukima's Dance           Hex            2%         N/A       56%         3
 Anguish                  Hex/Necr       1%         N/A       92%         4
 Enfeeble                 Hex            1%         N/A       100%        7

Inventory:

Armour
 a - a +0 robe (worn)

Dungeon Overview and Level Annotations

Branches:
Dungeon (1/15)

Altars:

..▒▒▒▒▒▒▒▒▒▒▒ ▒▒▒▒▒ ▒▒▒
▒...........▒▒▒▒...▒▒ ▒..
........▒▒▒..▒▒.....▒▒ ▒.▒
▒▒▒▒▒▒▒.▒ ▒..........▒ ▒.▒
▒..▒▒▒..........▒ ▒.▒
▒▒▒▒▒▒...............▒
▒▒▒▒.▒▒.▒▒▒...▒▒................
............▒.gg........▒▒...▒▒▒
.....▒▒>▒▒▒...▒▒▒▒..............
... ...▒ ▒▒▒▒▒ ▒........>....▒ .
...... ▒.......▒▒..▒▒.▒ ........
▒.▒▒.▒.▒▒▒.▒▒ .▒ ....▒.... ▒.▒.▒
▒.▒ .▒ .▒....▒.▒ ▒ ▒>▒ ▒ _▒ ..
.. ▒.▒ .▒


You could see a gnoll.


Message History

Found a faded altar of an unknown god.
The gnoll shouts!
The gnoll moves out of view.
A gnoll is nearby!
Nothing quivered!
The gnoll misses you.
You hit the gnoll. You bite the gnoll.
The gnoll is moderately wounded.
The gnoll hits you with a +0 flail!
Ouch! That really hurt!
* * * LOW HITPOINT WARNING * * *
You closely miss the gnoll.
The gnoll is moderately wounded.
The gnoll hits you with a +0 flail.
* * * LOW HITPOINT WARNING * * *
Unknown command.
You closely miss the gnoll. Your bite misses the gnoll.
The gnoll is moderately wounded.
The gnoll barely misses you.
You barely miss the gnoll.
The gnoll is moderately wounded.
The gnoll barely misses you.
Unknown command.
Unknown command.
You hit the gnoll but do no damage.
The gnoll is moderately wounded.
The gnoll hits you with a +0 flail.
You die...

Action                   || total
-------------------------++-------
Melee: Unarmed           ||    16
       Bite              ||     1
Armor: Robe              ||     1
Dodge: Dodged            ||     8

Levels and vault maps discovered:
D:1:      roderic_crossed_star, layout_loops_ring,
          chequers_ecumenical_altar_simple

Notes
Turn   | Place    | Note
-------+----------+-------------------------------------------
     0 | D:1      | sanka the Gnoll Cinder Acolyte began the quest for the Orb.
     0 | D:1      | Reached XP level 1. HP: 23/23 MP: 4/4
   366 | D:1      | Found a faded altar of an unknown god.
   382 | D:1      | Slain by a gnoll

Vanquished Creatures
  2 ball pythons (D:1)
  A goblin (D:1)
  A bat (D:1)
4 creatures vanquished.
